 Dungeon Crawl Stone Soup version 0.31.0-10-gcf4a605ca0 (webtiles) character file.

Game seed: 7179044719811709529

79 olmar the Digger (level 3, 0/26 HPs)
             Began as a Demigod Earth Elementalist on Jan 25, 2024.
             Slain by an orc
             ... wielding a +0 trident
              (4 damage)
             ... on level 3 of the Dungeon.
             The game lasted 00:02:02 (1873 turns).

olmar the Digger (Demigod Earth Elementalist)       Turns: 1873, Time: 00:02:03

Health: 0/26       AC:  2    Str:  9    XL:     3   Next: 97%
Magic:  2/9        EV: 12    Int: 21    God:
Gold:   117        SH:  0    Dex: 14    Spells: 0/7 levels left

rFire   . . .        n - +1 dagger (speed)
rCold   . . .        (no shield)
rNeg    . . .        a - +0 robe
rPois   .            (no helmet)
rElec   .            (no cloak)
rCorr   .            (no gloves)
SInv    .            (no boots)
Will    .....        (no amulet)
Stlth   ++           (no ring)
HPRegen 0.24/turn    (no ring)
MPRegen 0.11/turn

%: no passive effects
@: attractive
A: high MP 1, forlorn, divine attributes
a: no special abilities


You were on level 3 of the Dungeon.
You visited 1 branch of the dungeon, and saw 3 of its levels.

You collected 117 gold pieces.

Inventory:

Hand Weapons
 n - a +1 dagger of speed (weapon)
Armour
 a - a +0 robe (worn)
Jewellery
 c - a ring of flight
Scrolls
 e - a scroll of teleportation
 g - a scroll of noise {unknown}
 h - a scroll of brand weapon {unknown}
 i - a scroll of revelation {unknown}
 j - a scroll of poison
 k - a scroll of silence {unknown}
Potions
 b - a potion of magic
 d - a potion of mutation {unknown}
 f - a potion of curing {unknown}
 l - a potion of enlightenment {unknown}
 m - a potion of attraction


   Skills:
 + Level 0.1 Fighting
 - Level 1.7 Dodging
 - Level 1.7 Stealth
 + Level 2.7 Spellcasting
 + Level 0.8 Conjurations
 + Level 3.9 Earth Magic


You couldn't memorise any spells.
You knew the following spells:

 Your Spells              Type           Power      Damage    Failure   Level
a - Sandblast             Erth           38%        2d10      2%          1
b - Stone Arrow           Conj/Erth      24%        3d8       16%         3
c - Passwall              Erth           19%        N/A       9%          3

Your spell library contained the following spells:

 Spells                   Type           Power      Damage    Failure   Level
 Frozen Ramparts          Ice            4%         1d1       38%         3
 Brom's Barrelling Bould  Conj/Erth      12%        2d4       45%         4
 Leda's Liquefaction      Alch/Erth      5%         N/A       52%         4
 Petrify                  Alch/Erth      11%        N/A       52%         4
 Metabolic Englaciation   Hex/Ice        1%         N/A       98%         5


Dungeon Overview and Level Annotations

Branches:
Dungeon (3/15)


Innate Abilities, Weirdness & Mutations

You have an increased reservoir of magic. (+10% MP)
You shall have no god before yourself.
Your divine heritage dramatically boosts your attributes as you level up.


Message History

The orc is heavily wounded.
The orc closely misses you. The orc misses you.
The orc hits you with a +0 flail.
Unknown command.
You are too injured to fight recklessly!
You are too injured to fight recklessly!
Unknown command.
Aiming: Sandblast (safe; 2% risk of failure)
Press: ? - help, Q - select action Shift-Dir - straight line, f - orc, p - orc
Aim: an orc, wielding a +0 trident and wearing a +0 ring mail (84% to hit)
The blast of sand hits the orc but does no damage.
The orc is heavily wounded.
A bat comes into view.
The orc hits you from afar with a +0 trident.
The orc misses you.
The orc hits you from afar with a +0 trident.
* * * LOW HITPOINT WARNING * * *
Unknown command.
Casting: Sandblast (safe; 2% risk of failure)
Confirm with . or Enter, or press ? or * to list all spells.
Okay, then.
You open the door. The orc barely misses you.
The orc hits you from afar with a +0 trident.
* * * LOW HITPOINT WARNING * * *
Found 7 gold pieces.
Found a stone staircase leading up.
Okay, then.
Casting: Sandblast (safe; 2% risk of failure)
Confirm with . or Enter, or press ? or * to list all spells.
Aiming: Sandblast (safe; 2% risk of failure)
Press: ? - help, Shift-Dir - straight line, f/p - orc
Aim: an orc, wielding a +0 trident and wearing a +0 ring mail (84% to hit)
The blast of sand hits the orc but does no damage.
The orc is heavily wounded.
The orc hits you with a +0 flail.
* * * LOW HITPOINT WARNING * * *
The orc closely misses you. The orc barely misses you.
It was a potion of attraction.
You feel attractive to monsters.
The orc hits you from afar with a +0 trident.
You die...

.#.ยง.....
#..#.....
.....P... #+
......... ...
#..).>... ....
#........ .....
#........
......###o.......
......'@ob..!....
......###........
...$. #........
<... #........
... #........ #+
######.## .#


You could see 2 orcs and a bat.

Vanquished Creatures
  A gnoll (D:1)
  2 adders (D:2)
  A ribbon worm (D:2)
  2 orcs (D:3)
  3 ball pythons
  3 endoplasms
  2 giant cockroaches
  A goblin (D:2)
  6 hobgoblins
  8 kobolds
  A quokka (D:1)
  4 bats
  3 frilled lizards
  10 rats (D:1)
47 creatures vanquished.

Notes
Turn   | Place    | Note
-------+----------+-------------------------------------------
     0 | D:1      | olmar the Demigod Earth Elementalist began the quest for
                  | the Orb.
     0 | D:1      | Reached XP level 1. HP: 14/14 MP: 5/5
   152 | D:1      | Reached skill level 3 in Earth Magic
   275 | D:1      | Reached XP level 2. HP: 20/20 MP: 5/7
   658 | D:1      | Reached XP level 3. HP: 26/26 MP: 6/9
  1434 | D:2      | Learned a level 3 spell: Stone Arrow
  1438 | D:2      | Learned a level 3 spell: Passwall
  1873 | D:3      | Slain by an orc

Illustrated notes

Levels and vault maps discovered:
D:1:      dpeg_arrival_boxes_within_box, layout_loops_ring, st_stairs_7,
          nicolae_grassy_gnolls
D:2:      layout_rooms
D:3:      layout_loops_corners, nicolae_hepliaklqana_hazy_memory,
          mainiacjoe_overflow_six_doors_small,
          hellmonk_ecumenical_altar_defaced_shrine,
          hangedman_decor_diamond_cutter, chequers_serial_rivers_small_a

Skill      XL: |  1 |
---------------+----+-----
Earth Magic    | 3 |  3.9
Spellcasting   | 2 |  2.7
Fighting       | |  0.1
Dodging        | |  1.7
Stealth        | |  1.7
Conjurations   | |  0.8

Action                     || total
---------------------------++-------
   Cast: Sandblast         ||    76
    Use: Scroll            ||     3
         Potion            ||     1
 Armour: Robe              ||    21
  Dodge: Dodged            ||    28
